 Dungeon Crawl Stone Soup version 0.21-a0-286-g6fcecc0 (webtiles) character file.

1535 tidbits the Grappler (level 8, -5/67 HPs)
             Began as a Yellow Draconian Skald on Sept 25, 2017.
             Shot with a sling bullet by Joseph (17 damage)
             ... on level 7 of the Dungeon.
             The game lasted 00:22:51 (2250 turns).

tidbits the Grappler (Yellow Draconian Skald)       Turns: 2250, Time: 00:22:52

Health: -5/67      AC: 10    Str: 13    XL:     8   Next: 55%
Magic:  7/11       EV: 14    Int: 15    God:
Gold:   161        SH:  0    Dex: 12    Spells: 9/11 levels left

rFire    . . .     SeeInvis .     - Unarmed
rCold    . . .     Gourm    .   (no shield)
rNeg     . . .     Faith    .   (armour unavailable)
rPois    .         Spirit   .   (helmet restricted)
rElec    .         Reflect  .   (no cloak)
rCorr    +         Harm     .   G - +2 pair of gloves
MR       .....                  (no boots)
Stlth    ++........             (no amulet)
HPRegen  0.21/turn              n - ring of stealth
MPRegen  0.12/turn              b - +1 ring of protection

@: infused, very slightly contaminated
A: spit acid, acid resistance, unfitting armour, cold-blooded, AC +6
a: Breathe Acid


You were on level 7 of the Dungeon.
You were hungry.

You visited 1 branch of the dungeon, and saw 8 of its levels.

You collected 161 gold pieces.

Inventory:

Missiles
 c - 33 sling bullets
 f - 8 needles of frenzy
 l - 76 arrows
Armour
 G - a +2 pair of gloves (worn)
Jewellery
 b - a +1 ring of protection (right hand)
   (You found it on level 7 of the Dungeon)
 n - a ring of stealth (left hand)
   (You found it on level 4 of the Dungeon)
Wands
 g - a wand of acid (0/15)
Scrolls
 j - a scroll of remove curse {unknown}
 m - a scroll of enchant weapon {unknown}
 o - a scroll of fog
Books
 a - a book of Battle

   Spells                             Type                      Level
   a - Infusion                       Charms                       1
   b - Shroud of Golubria             Charms/Translocation         2
   c - Song of Slaying                Charms                       2
   d - Spectral Weapon                Hexes/Charms                 3
   e - Regeneration                   Charms/Necromancy            3
 p - a book of Cantrips
   (You found it on level 6 of the Dungeon)

   Spells                             Type                      Level
   a - Confusing Touch                Hexes                        1
   b - Animate Skeleton               Necromancy                   1
   c - Summon Small Mammal            Summoning                    1
   d - Apportation                    Translocation                1
Comestibles
 k - 2 royal jellies


   Skills:
 + Level 4.9 Fighting
 + Level 4.3 Dodging
 * Level 8.9 Unarmed Combat
 - Level 2.0 Spellcasting
 - Level 2.6 Charms
 - Level 2.1 Necromancy


You had 9 spell levels left.
You knew the following spells:

 Your Spells              Type           Power        Failure   Level  Hunger
i - Infusion              Chrm           #...         8%          1    #......
n - Animate Skeleton      Necr           N/A          10%         1    #......


Dungeon Overview and Level Annotations

Branches:
Dungeon (8/15)
 Temple: D:4-7         Lair: D:8-11

Altars:
Trog
Xom

Shops:
D:5 =

Annotations:
D:7 Joseph


Innate Abilities, Weirdness & Mutations

You can spit globs of acid.
You are resistant to acid.
Your golden yellow scales are hard. (AC +6)
You cannot fit into any form of body armour.
You are cold-blooded and may be slowed by cold attacks.


Message History

Nothing appears to happen.
The hippogriff misses you. The hippogriff pecks you.
* * * LOW HITPOINT WARNING * * *
The hippogriff closely misses you.
Casting: Infusion
Confirm with . or Enter, or press ? or * to list all spells.
You begin infusing your attacks with magical energy.
The hippogriff misses you.
The hippogriff pecks you but does no damage.
The hippogriff barely misses you.
You hit the hippogriff.
The hippogriff is moderately wounded.
The hippogriff barely misses you. The hippogriff closely misses you.
The hippogriff claws you.
* * * LOW HITPOINT WARNING * * *
Firing (i - inventory): No suitable missiles.
Press: ? - help, Shift-Dir - straight line, f/p - Joseph
Aim: Joseph, wielding a hunting sling and wearing a dyed leather armour (lightly wounded)
Okay, then.
Firing (i - inventory): No suitable missiles.
Press: ? - help, Shift-Dir - straight line, f/p - Joseph
Aim: Joseph, wielding a hunting sling and wearing a dyed leather armour (lightly wounded)
Okay, then.
As you read the scroll labeled ZIDDEORGH AVEE, it crumbles to dust.
It is a scroll of recharging.
Charge which item? (? for menu, Esc to quit)
Your wand of acid (?/15) {zapped: 9} glows for a moment.
The hippogriff misses you. x2; The hippogriff barely misses you.
Evoke which item? (* to show all) (? for menu, Esc to quit)
That's the wrong kind of item! (Use * to select it.) Evoke which item? (* to show all) (? for menu, Esc to quit)
You don't have any such object.
Evoke which item? (* to show all) (? for menu, Esc to quit)
Okay, then.
Evoke which item? (* to show all) (? for menu, Esc to quit)
Aiming: Corrosive Bolt (will waste charges)
Press: ? - help, Shift-Dir - straight line, f - orc, p - Joseph
Aim: an orc, wielding a dagger and wearing a leather armour The bolt of acid misses the hippogriff.
The bolt of acid hits Joseph.
Joseph is splashed with acid.
The acid corrodes Joseph!
Joseph is moderately wounded.
The bolt of acid hits the orc.
The orc is splashed with acid.
You kill the orc!
Evoking this partially-identified wand wasted a few charges.
The hippogriff closely misses you.
The hippogriff pecks you but does no damage.
The hippogriff claws you.
* * * LOW HITPOINT WARNING * * *
Joseph smiles happily.
Unknown command.
Evoke which item? (* to show all) (? for menu, Esc to quit)
Aiming: Corrosive Bolt (will waste charges)
Press: ? - help, Shift-Dir - straight line, f - Joseph
Aim: Joseph, wielding a hunting sling and wearing a dyed leather armour (moderately wounded, covered in acid)
The bolt of acid hits the hippogriff.
The hippogriff is splashed with acid.
The hippogriff is severely wounded.
The bolt of acid misses Joseph.
Evoking this partially-identified wand wasted a few charges.
The hippogriff misses you.
The hippogriff pecks you but does no damage.
The hippogriff claws you but does no damage.
Unknown command.
Evoke which item? (* to show all) (? for menu, Esc to quit)
Aiming: Corrosive Bolt (will waste charges)
Press: ? - help, Shift-Dir - straight line, f/p - Joseph
Aim: Joseph, wielding a hunting sling and wearing a dyed leather armour (moderately wounded, covered in acid)
The bolt of acid hits the hippogriff.
The hippogriff is splashed with acid.
The hippogriff is almost dead.
The bolt of acid hits Joseph.
Joseph is splashed with acid.
Joseph is severely wounded.
Evoking this partially-identified wand wasted a few charges.
The hippogriff bites you.
* * * LOW HITPOINT WARNING * * *
The hippogriff pecks you but does no damage.
The hippogriff claws you but does no damage.
Unknown command.
Evoke which item? (* to show all) (? for menu, Esc to quit)
Aiming: Corrosive Bolt (will waste charges)
Press: ? - help, Shift-Dir - straight line, f/p - Joseph
Aim: Joseph, wielding a hunting sling and wearing a dyed leather armour (severely wounded, covered in acid) Nothing appears to happen.
The hippogriff bites you!
* * * LOW HITPOINT WARNING * * *
The hippogriff pecks you but does no damage.
The hippogriff closely misses you.
Unknown command.
You aren't carrying any potions.
Unknown command.
You closely miss the hippogriff.
The hippogriff is almost dead.
The hippogriff misses you.
The hippogriff pecks you but does no damage.
The hippogriff claws you but does no damage.
You hit the hippogriff.
The hippogriff is almost dead.
The hippogriff bites you but does no damage.
The hippogriff closely misses you.
The hippogriff claws you but does no damage.
You punch the hippogriff!
You kill the hippogriff!
Joseph shoots a sling bullet.
The sling bullet hits you!
You die...

........... ............
........... ...........
.....)... #......####
########### #....(@#..#
#.......... #.....h(@.#
+..........
#....†o#########..#######
######.o.....###..###..#.
#.......#.........#.
#.......'.........#.
#.......#.........#.
#.......#.........+#
#.......############
#..................#


You could see Joseph, an orc warrior and a jackal.

Vanquished Creatures
  The ghost of tidbits the Ruffian, a novice DrFi (D:6)
  Prince Ribbit (D:7)
  A hippogriff (D:7)
  Sigmund (D:5)
  A centaur (D:6)
  A bullfrog (D:6)
  A wyvern zombie (D:6)
  2 scorpions
  A crimson imp (D:5)
  A centaur zombie (D:6)
  2 jellies
  4 orc wizards
  A centaur skeleton (D:5)
  An iguana (D:5)
  A worker ant (D:6)
  2 hound skeletons
  2 adders
  An ooze (D:1)
  A worm (D:2)
  11 orcs
  3 bats (D:1)
  2 giant cockroaches
  3 goblins
  3 hobgoblins (D:2)
  6 jackals
  A quokka (D:6)
  3 frilled lizards
  A jackal skeleton (D:7)
  3 kobolds
  5 rats
67 creatures vanquished.

Notes
Turn   | Place    | Note
-------+----------+-------------------------------------------
     0 | D:1      | tidbits the Draconian Skald began the quest for the Orb.
     0 | D:1      | Reached XP level 1. HP: 17/17 MP: 3/3
   236 | D:2      | Reached XP level 2. HP: 18/24 MP: 1/5
   334 | D:1      | Reached skill level 3 in Unarmed Combat
   443 | D:2      | Reached XP level 3. HP: 18/29 MP: 0/6
   686 | D:4      | Found a bloodstained altar of Trog.
   740 | D:4      | Reached skill level 4 in Unarmed Combat
   746 | D:5      | Entered Level 5 of the Dungeon
   781 | D:4      | Noticed a scorpion
   805 | D:4      | Killed a scorpion
   805 | D:4      | Reached XP level 4. HP: 16/36 MP: 7/7
   839 | D:5      | Found Haoxib's Jewellery Shoppe.
   909 | D:5      | Noticed Sigmund
   923 | D:5      | Killed Sigmund
   923 | D:5      | Reached skill level 6 in Unarmed Combat
   923 | D:5      | Reached XP level 5. HP: 32/41 MP: 8/8
  1026 | D:6      | Reached XP level 6. HP: 32/48 MP: 6/9
  1065 | D:6      | Learned a level 1 spell: Animate Skeleton
  1305 | D:5      | Reached skill level 1 in Necromancy
  1359 | D:6      | Reached skill level 7 in Unarmed Combat
  1546 | D:6      | Your scales start taking on a golden yellow colour.
  1546 | D:6      | Reached XP level 7. HP: 31/56 MP: 6/10
  1582 | D:6      | Reached skill level 3 in Fighting
  1735 | D:5      | Reached skill level 2 in Necromancy
  1824 | D:6      | Reached skill level 3 in Dodging
  1953 | D:6      | Noticed tidbits's ghost (novice DrFi)
  1959 | D:6      | Killed tidbits's ghost
  1959 | D:6      | Reached skill level 4 in Fighting
  1959 | D:6      | Reached skill level 8 in Unarmed Combat
  1959 | D:6      | Reached XP level 8. HP: 53/66 MP: 11/11
  2077 | D:7      | Found a shimmering altar of Xom.
  2077 | D:7      | Found a shimmering altar of Xom.
  2097 | D:7      | Found a shimmering altar of Xom.
  2099 | D:7      | Found a shimmering altar of Xom.
  2100 | D:7      | Found a shimmering altar of Xom.
  2109 | D:7      | Noticed Prince Ribbit
  2117 | D:7      | Killed Prince Ribbit
  2117 | D:7      | Reached skill level 4 in Dodging
  2221 | D:7      | Noticed a hippogriff
  2223 | D:7      | Noticed Joseph
  2250 | D:7      | Killed a hippogriff
  2250 | D:7      | Shot with a sling bullet by Joseph

Vault maps used:
D:1:      dpeg_arrival_tiny_g, minmay_misc_feat_ornament
D:2:      gammafunk_temple_overflow_statue, vehumet_crystals
D:3:      lemuel_round_altar, lemuel_blue_sif_altar,
          nicolae_overflow_crystal_walls
D:4:      lemuel_coloured_pillars_altar, serial_shops, shop, uniq_blork_the_orc
D:5:      wad_crossroads, first_bread, serial_shops, nicolae_shop_crystal,
          okawaru_gym_becter, uniq_crazy_yiuf_cottage, uniq_sigmund
D:7:      xom_shifter_show, marbit_many_paths, grunt_temple_overflow_open,
          temple_statues, uniq_prince_ribbit1, uniq_joseph
D:8:      lair_entry_dummy

Skill      XL: |  1  2  3  4  5  6  7  8 |
---------------+-------------------------+-----
Unarmed Combat | 3 4 6 7 8 |  8.9
Necromancy     | 1 2 |  2.1
Fighting       | 4 |  4.9
Dodging        | 3 4 |  4.3
Spellcasting   | |  2.0
Charms         | |  2.6

Action                   |  1- 3 |  4- 6 |  7- 9 || total
-------------------------+-------+-------+-------++-------
Melee: Unarmed           |   114 |    59 |    44 ||   217
       Tailslap          |     7 |     9 |     5 ||    21
       Punch             |     1 |     1 |     1 ||     3
Throw: Javelin           |     7 |    32 |     8 ||    47
 Cast: Infusion          |    19 |    10 |     2 ||    31
       Animate Skeleton  |       |     1 |       ||     1
 Abil: Breathe Acid      |       |       |     8 ||     8
Evoke: Wand              |       |     2 |     4 ||     6
  Use: Scroll            |     1 |       |     5 ||     6
       Potion            |     2 |     4 |       ||     6
 Stab: Sleeping          |       |       |     2 ||     2
  Eat: Bread ration      |       |     1 |       ||     1
       Fruit             |       |       |     2 ||     2
Armor: Skin              |    36 |    17 |    28 ||    81
Dodge: Dodged            |    67 |    24 |    53 ||   144

Table legend:
 A = Spawn XP
 B = Non-spawn XP
 C = Spawn XP percentage of total XP
 D = Spawn monster count
 E = Non-spawn monster count
 F = Spawn count percentage of total count
 G = Total turns spent on level
                    A         B        C        D         E        F      G
               +---------+---------+-------+---------+---------+-------+---------
         Total |       0 |    2194 |   0.0 |       0 |      67 |   0.0 |  2250
               +---------+---------+-------+---------+---------+-------+---------
           D:1 |       0 |      22 |   0.0 |       0 |      11 |   0.0 |   329
           D:2 |       0 |      23 |   0.0 |       0 |      12 |   0.0 |   207
           D:3 |       0 |       2 |   0.0 |       0 |       1 |   0.0 |    46
           D:4 |       0 |      99 |   0.0 |       0 |       6 |   0.0 |   257
           D:5 |       0 |     518 |   0.0 |       0 |      15 |   0.0 |   558
           D:6 |       0 |    1003 |   0.0 |       0 |      15 |   0.0 |   590
           D:7 |       0 |     527 |   0.0 |       0 |       7 |   0.0 |   257
               +---------+---------+-------+---------+---------+-------+---------

Table legend:
 A = Turns spent in this place as a percentage of turns spent in the entire game.
 B = Non-inter-level travel turns spent in this place as a percentage of non-inter-level travel turns spent in the entire game.
 C = Inter-level travel turns spent in this place as a percentage of turns spent in this place.
 D = Turns resting spent in this place as a percentage of non-inter-level travel turns spent in this place.
 E = Turns spent auto-exploring this place as a percentage of non-inter-level travel turns spent in this place.
 F = Non-inter-level travel turns spent in this place divided by the number of levels of this place that you've seen.
                   A       B       C       D       E      F
               +-------+-------+-------+-------+-------+----------------------
         Total | 100.0 | 100.0 |   1.9 |   0.0 |   0.0 | 276.0
       Dungeon | 100.0 | 100.0 |   1.9 |   0.0 |   0.0 | 276.0
               +-------+-------+-------+-------+-------+----------------------

Table legend:
 A = Kills in this place as a percentage of kills in entire the game.
 B = Kills by you in this place as a percentage of kills by you in the entire game.
 C = Kills by friends in this place as a percentage of kills by friends in the entire game.
 D = Other kills in this place as a percentage of other kills in the entire game.
 E = Experience gained in this place as a percentage of experience gained in the entire game.
 F = Experience gained in this place divided by the number of levels of this place that you have seen.
                   A       B       C       D       E      F
               +-------+-------+-------+-------+-------+----------------------
         Total | 100.0 | 100.0 |   N/A |   N/A | 100.0 | 274.2
       Dungeon | 100.0 | 100.0 |   N/A |   N/A | 100.0 | 274.2
               +-------+-------+-------+-------+-------+----------------------

Vault maps used:
D:1:      dpeg_arrival_tiny_g, minmay_misc_feat_ornament
D:2:      gammafunk_temple_overflow_statue, vehumet_crystals
D:3:      lemuel_round_altar, lemuel_blue_sif_altar,
          nicolae_overflow_crystal_walls
D:4:      lemuel_coloured_pillars_altar, serial_shops, shop, uniq_blork_the_orc
D:5:      wad_crossroads, first_bread, serial_shops, nicolae_shop_crystal,
          okawaru_gym_becter, uniq_crazy_yiuf_cottage, uniq_sigmund
D:7:      xom_shifter_show, marbit_many_paths, grunt_temple_overflow_open,
          temple_statues, uniq_prince_ribbit1, uniq_joseph
D:8:      lair_entry_dummy
